 Dungeon Crawl Stone Soup version 0.24.0 (webtiles) character file.

Game seed: 6678838730375712179, levelgen mode: deterministic

2 Buxparty the Sneak (level 1, -2/9 HPs)
             Began as a Spriggan Enchanter on Feb 15, 2020.
             Slain by an ooze (3 damage)
             ... on level 1 of the Dungeon.
             The game lasted 00:01:44 (577 turns).

Buxparty the Sneak (Spriggan Enchanter)              Turns: 577, Time: 00:01:45

Health: -2/9       AC:  2    Str:  4    XL:     1   Next: 33%
Magic:  4/5        EV: 18    Int: 16    God:
Gold:   10         SH:  0    Dex: 16    Spells: 4/5 levels left

rFire    . . .     SeeInvis +   a - +1 dagger
rCold    . . .     Gourm    .   (shield restricted)
rNeg     . . .     Faith    .   b - +0 robe
rPois    .         Spirit   .   (helmet restricted)
rElec    .         Reflect  .   (no cloak)
rCorr    .         Harm     .   (gloves unavailable)
MR       .....                  (boots unavailable)
Stlth    +++.......             (no amulet)
HPRegen  0.03/turn              e - ring of wizardry
MPRegen  0.09/turn              (no ring)

@: very quick
A: very small, unfitting armour, see invisible, herbivore, speed 3, slow
metabolism 2
a: no special abilities


You were on level 1 of the Dungeon.
You were not hungry.

You visited 1 branch of the dungeon, and saw 1 of its levels.

You collected 10 gold pieces.

Inventory:

Hand Weapons
 a - a +1 dagger (weapon)
Armour
 b - a +0 robe (worn)
Jewellery
 e - a ring of wizardry (left hand)
Scrolls
 c - a scroll of remove curse {unknown}
 f - a scroll of identify {unknown}
 g - a scroll of fog {unknown}
Comestibles
 d - a ration


   Skills:
 - Level 1.1 Short Blades
 - Level 3.0 Dodging
 - Level 4.4 Stealth
 * Level 2.8 Spellcasting
 + Level 3.7 Hexes


You had 4 spell levels left.
You knew the following spells:

 Your Spells              Type           Power        Failure   Level  Hunger
a - Corona                Hex            ##.....      1%          1    #......

Your spell library contained the following spells:

 Spells                   Type           Power        Failure   Level  Hunger
 Confuse                  Hex            ##......     4%          3    ###....
 Tukima's Dance           Hex            ##......     4%          3    ###....
 Ensorcelled Hibernation  Hex/Ice        #.....       6%          2    ##.....
 Dazzling Spray           Conj/Hex       #.....       11%         3    ###....


Dungeon Overview and Level Annotations

Branches:
Dungeon (1/15)

Altars:


Innate Abilities, Weirdness & Mutations

You are very small and have problems with some larger weapons.
You are too small for most types of armour.
You have supernaturally acute eyesight. (SInv)
You are a herbivore.
You cover ground extremely quickly.
You need to consume almost no food.


Message History

You hit the ooze.
The ooze is lightly wounded.
The ooze closely misses you.
You hit the ooze but do no damage.
The ooze is lightly wounded.
The ooze completely misses you.
You hit the ooze.
The ooze is moderately wounded.
The ooze hits you.
You hit the ooze.
The ooze is heavily wounded.
The ooze closely misses you.
You hit the ooze but do no damage.
The ooze is heavily wounded.
The ooze stops glowing.
The ooze hits you.
* * * LOW HITPOINT WARNING * * *
You hit the ooze.
The ooze is heavily wounded.
The ooze hits you.
You die...

#.#.#####.#.###### #.#
#.#.##....#.####### #.#
#.#.##............. #.#
######.#................
#.#
.......#.......÷........
#.#
######.#>.).##.#+#######
#.# #.(....[#.#.# #.#
#.#.....#.#J# #.#
#.####..#.#@# #.# #.#
#..#.#.# #.# #.#
#..#.#.# #.#
#>####..#.#.#
#########.####
..........#.#
#.........#...
#######.#.#.#
#.#########[## ...#.#.#
#.#.......#.#
#####.#.###.#.#####.#.##
#.#...†.#.#####.....


You could see an ooze.

Vanquished Creatures
  2 kobolds (D:1)
  2 rats (D:1)
4 creatures vanquished.

Notes
Turn   | Place    | Note
-------+----------+-------------------------------------------
     0 | D:1      | Buxparty the Spriggan Enchanter began the quest for the
                  | Orb.
     0 | D:1      | Reached XP level 1. HP: 9/9 MP: 5/5
     2 | D:1      | Noticed an ogre
     2 | D:1      | Noticed a felid
     4 | D:1      | Noticed a minotaur
     4 | D:1      | Noticed a halfling
     6 | D:1      | Noticed a troll
     6 | D:1      | Noticed a tengu
     8 | D:1      | Noticed a demonspawn
    10 | D:1      | Noticed a vine stalker
    10 | D:1      | Noticed a formicid
    12 | D:1      | Noticed a spriggan
    12 | D:1      | Noticed a vampire
    14 | D:1      | Noticed a gargoyle
    14 | D:1      | Noticed a naga
    16 | D:1      | Noticed a human
    16 | D:1      | Noticed a ghoul
    18 | D:1      | Noticed a demigod
    20 | D:1      | Noticed a draconian
    20 | D:1      | Noticed a merfolk
    24 | D:1      | Noticed an elf
    24 | D:1      | Noticed a centaur
    26 | D:1      | Noticed a dwarf
    26 | D:1      | Noticed an octopode
   577 | D:1      | Slain by an ooze

Levels and vault maps discovered:
D:1:      kb_arrival_jail, layout_basic, palyth_stone_intersect
